 Dungeon Crawl Stone Soup version 0.21-a0-440-g28109cb (webtiles) character file.

212 slep the Shield-Bearer (level 5, -5/41 HPs)
             Began as a Demonspawn Fighter on Nov 11, 2017.
             Killed by divine providence
             ... invoked by an orc priest
              (13 damage)
             ... on level 4 of the Dungeon.
             The game lasted 00:12:26 (2603 turns).

slep the Shield-Bearer (Demonspawn Fighter)         Turns: 2603, Time: 00:12:27

Health: -5/41      AC: 16    Str: 22    XL:     5   Next: 58%
Magic:  5/5        EV:  6    Int: 12    God:
Gold:   157        SH:  9    Dex: 13    Spells: 4/4 levels left

rFire    . . .     SeeInvis .   a - +0 long sword
rCold    . . .     Gourm    .   c - +0 shield
rNeg     . . .     Faith    .   l - +4 chain mail
rPois    .         Spirit   .   u - +2 hat
rElec    .         Reflect  .   (no cloak)
rCorr    .         Harm     .   k - +0 pair of gloves
MR       .....                  (no boots)
Stlth    ..........             (no amulet)
HPRegen  0.13/turn              p - +3 ring of intelligence
MPRegen  0.09/turn              (no ring)

@: mighty
A: claws 1, powered by death 1
a: no special abilities


You were on level 4 of the Dungeon.
You were hungry.

You visited 1 branch of the dungeon, and saw 4 of its levels.

You collected 157 gold pieces.

Inventory:

Hand Weapons
 a - a +0 long sword (weapon)
Armour
 b - a +0 scale mail
 c - a +0 shield (worn)
 k - a +0 pair of gloves (worn)
 l - a +4 chain mail (worn)
 r - a +0 helmet
 u - a +2 hat (worn)
Magical Staves
 x - an uncursed staff of cold
Jewellery
 p - a +3 ring of intelligence (left hand)
Scrolls
 e - 4 scrolls of identify {unknown}
 h - 2 scrolls of blinking {unknown}
 i - 3 scrolls of amnesia {unknown}
 o - a scroll of random uselessness {unknown}
 q - a scroll of recharging {unknown}
 s - 4 scrolls of teleportation {unknown}
 w - a scroll of immolation {unknown}
 y - a scroll of noise {unknown}
 z - a scroll of remove curse {unknown}
Potions
 g - a potion of curing
 j - a potion of degeneration {unknown}
Books
 v - a book of Misfortune

   Spells                             Type                      Level
   a - Confusing Touch                Hexes                        1
   b - Confuse                        Hexes                        3
   c - Gell's Gravitas                Translocation                3
   d - Petrify                        Transmutation/Earth          4
   e - Metabolic Englaciation         Hexes/Ice                    5
   f - Yara's Violent Unravelling     Hexes/Transmutation          5
Comestibles
 f - 3 bread rations
 m - a fruit
 n - a royal jelly
 t - 4 meat rations
 A - a chunk of flesh


   Skills:
 + Level 3.5 Fighting
 + Level 3.4 Long Blades
 + Level 0.9 Staves
 + Level 3.4 Armour
 + Level 1.0 Dodging
 + Level 3.6 Shields


You had 4 spell levels left.
You didn't know any spells.

Dungeon Overview and Level Annotations

Branches:
Dungeon (4/15)
 Temple: D:4-7

Altars:
Dithmenos
Gozag
Vehumet
Zin
The Shining One


Innate Abilities, Weirdness & Mutations

You have sharp fingernails.
You regenerate a little health from kills.


Message History

The orc priest hits you but does no damage.
You closely miss the orc priest.
The orc priest is heavily wounded.
The worker ant waves its antennae.
You block the orc's attack.
The orc wizard mumbles some strange words.
The orc wizard blinks!
You block the orc priest's attack. You block the orc's attack.
You closely miss the orc priest.
The orc priest is heavily wounded.
You are feeling hungry.
The orc hits you but does no damage.
The orc priest mumbles some strange prayers to Beogh against you.
Pain shoots through your body!
* * * LOW HITPOINT WARNING * * *
You feel very mighty all of a sudden. The orc hits you but does no damage.
The orc priest calls down the wrath of Beogh upon you.
Beogh smites you!
You die...

. .. ... ....
..... #######
#.....##.....#
+.....aoo....#
#.....##@ยง...#
#.... #.....#
#... #.....#
#.. #..<..# #.
#o....# #
#.....# #.....#
#.....#
#####.....###


You could see a worker ant, an orc priest, an orc wizard and an orc.

Vanquished Creatures
  An orc priest (D:3)
  A worker ant (D:4)
  6 adders
  An ooze (D:1)
  5 leopard geckos
  7 orcs
  7 giant cockroaches
  6 goblins
  5 hobgoblins
  6 jackals
  4 quokkas
  2 ball pythons
  6 bats
  A frilled lizard (D:3)
  11 kobolds
  22 rats
91 creatures vanquished.

Notes
Turn   | Place    | Note
-------+----------+-------------------------------------------
     0 | D:1      | slep the Demonspawn Fighter began the quest for the Orb.
     0 | D:1      | Reached XP level 1. HP: 18/18 MP: 1/1
   144 | D:1      | Gained mutation: You have sharp fingernails. [demonic ancestry]
   144 | D:1      | Reached XP level 2. HP: 20/24 MP: 2/2
   795 | D:1      | Gained mutation: You regenerate a little health from kills. [demonic ancestry]
   795 | D:1      | Reached XP level 3. HP: 29/29 MP: 3/3
  1243 | D:2      | Reached XP level 4. HP: 35/35 MP: 4/4
  1841 | D:3      | Found an opulent altar of Gozag.
  1842 | D:3      | Found a glowing silver altar of Zin.
  1896 | D:3      | Reached XP level 5. HP: 3/41 MP: 5/5
  1897 | D:3      | Found a shadowy altar of Dithmenos.
  2248 | D:3      | Found a glowing golden altar of the Shining One.
  2470 | D:4      | Reached skill level 1 in Dodging
  2514 | D:4      | Found a radiant altar of Vehumet.
  2603 | D:4      | Killed from afar by an orc priest

Vault maps used:
D:1:      scummos_arrival_gate, minmay_shallow_snake_nest
D:2:      minmay_misc_feat_rugged, minmay_rat_hole
D:3:      grunt_temple_overflow_gold_and_silver, tso_metal_star,
          nicolae_dithmenos_through_a_glass_darkly, first_bread
D:4:      vehumet_crystals, cheibriados_altar_1

Skill      XL: |  1  2  3  4  5 |
---------------+----------------+-----
Armour         | 3 |  3.4
Long Blades    | 2 3 |  3.4
Shields        | 3 |  3.6
Dodging        | 1 |  1.0
Fighting       | |  3.5
Staves         | |  0.9

Action                   |  1- 3 |  4- 6 || total
-------------------------+-------+-------++-------
Melee: Long sword        |   144 |   203 ||   347
       Staff             |       |    25 ||    25
  Use: Potion            |       |     2 ||     2
  Eat: Chunk             |     1 |     5 ||     6
Armor: Scale mail        |    32 |       ||    32
       Chain mail        |    57 |   183 ||   240
Dodge: Dodged            |    54 |    46 ||   100
Block: Shield            |    75 |   134 ||   209
       Rpst.: Long sword |    17 |    14 ||    31

Table legend:
 A = Spawn XP
 B = Non-spawn XP
 C = Spawn XP percentage of total XP
 D = Spawn monster count
 E = Non-spawn monster count
 F = Spawn count percentage of total count
 G = Total turns spent on level
                    A         B        C        D         E        F      G
               +---------+---------+-------+---------+---------+-------+---------
         Total |       0 |     303 |   0.0 |       0 |      91 |   0.0 |  2603
               +---------+---------+-------+---------+---------+-------+---------
           D:1 |       0 |      41 |   0.0 |       0 |      21 |   0.0 |   957
           D:2 |       0 |      80 |   0.0 |       0 |      33 |   0.0 |   691
           D:3 |       0 |     128 |   0.0 |       0 |      32 |   0.0 |   785
           D:4 |       0 |      54 |   0.0 |       0 |       5 |   0.0 |   170
               +---------+---------+-------+---------+---------+-------+---------
